 Dungeon Crawl Stone Soup version 0.21.1-1-g345015f (webtiles) character file.

66859 Miyamura the Protected (level 15, -1/122 HPs)
             Began as a Barachi Fighter on Feb 9, 2018.
             Was the Champion of Cheibriados.
             Killed from afar by a tengu reaver (42 damage)
             ... with a bolt of lightning
             ... on level 13 of the Dungeon.
             The game lasted 00:41:43 (27951 turns).

Miyamura the Protected (Barachi Fighter)           Turns: 27951, Time: 00:41:43

Health: -1/122     AC: 20    Str: 35    XL:     15   Next: 21%
Magic:  0/20       EV: 16    Int: 27    God:    Cheibriados [******]
Gold:   1234       SH: 22    Dex: 27    Spells: 14/14 levels left

rFire    . . .     SeeInvis .   S - +5 broad axe (venom)
rCold    . . .     Gourm    .   Q - +0 large shield
rNeg     . . .     Faith    .   p - +0 plate armour
rPois    +         Spirit   +   g - +0 helmet
rElec    .         Reflect  .   F - scarf {Spirit}
rCorr    .         Harm     .   (no gloves)
MR       +++..                  x - +0 pair of boots
Stlth    ..........             (no amulet)
HPRegen  0.30/turn              H - +4 ring of slaying
MPRegen  0.17/turn              u - ring of poison resistance

@: about to teleport, very slow
A: +LOS, swims, iridescent scales 1, low mp 1, magic resistance 2, slowness 1,
strong legs 2
a: Hop, Bend Time, Temporal Distortion, Slouch, Step From Time, Renounce
Religion


You were on level 13 of the Dungeon.
You worshipped Cheibriados.
Cheibriados was exalted by your worship.
You were not hungry.

You visited 4 branches of the dungeon, and saw 22 of its levels.
You also visited: Bailey.

You collected 2222 gold pieces.
You spent 988 gold pieces at shops.

Inventory:

Hand Weapons
 M - a +6 scimitar of flaming
 S - a +5 broad axe of venom (weapon)
Missiles
 z - 14 tomahawks (quivered)
 D - a throwing net
 P - 4 steel tomahawks
Armour
 g - a +0 helmet (worn)
 p - a +0 plate armour (worn)
 x - a +0 pair of boots (worn)
 F - a scarf of spirit shield (worn)
 Q - a +0 large shield (worn)
Magical Staves
 m - an uncursed staff of air
 I - an uncursed staff of energy
Jewellery
 i - an uncursed ring of protection from cold
 t - an uncursed ring of protection from fire
 u - a ring of poison resistance (right hand)
 H - a +4 ring of slaying (left hand)
 W - the ring of Xogroj Faip {rElec Int+4 SInv, unknown}
   (You found it on level 13 of the Dungeon)

   [ring of intelligence]

   It affects your intelligence (+4).
   It insulates you from electricity.
   It lets you see invisible.
Wands
 b - a wand of acid (12)
 o - a wand of flame (13)
 q - a wand of iceblast (13)
 v - a wand of digging (17)
 y - a wand of enslavement (14)
 A - a wand of disintegration (24)
 K - a wand of clouds (2)
Scrolls
 a - a scroll of fear {unknown}
 d - 2 scrolls of teleportation
 e - a scroll of silence
 s - 9 scrolls of identify
 B - 6 scrolls of remove curse
 C - 6 scrolls of amnesia
 O - 2 scrolls of fog
 T - 6 scrolls of blinking
Potions
 c - a potion of mutation
 j - 4 potions of haste
 k - a potion of heal wounds
 n - 2 potions of resistance
 r - a potion of flight
 w - 7 potions of curing
 E - 3 potions of lignification
 G - a potion of invisibility
 J - 2 potions of brilliance
 L - 2 potions of might
 N - a potion of cancellation
Books
 l - a book of Minor Magic

   Spells                             Type                      Level
   a - Magic Dart                     Conjuration                  1
   b - Blink                          Translocation                2
   c - Call Imp                       Summoning                    2
   d - Slow                           Hexes                        2
   e - Conjure Flame                  Conjuration/Fire             3
   f - Mephitic Cloud                 Conjuration/Poison/Air       3
 R - a book of Misfortune

   Spells                             Type                      Level
   a - Confusing Touch                Hexes                        1
   b - Confuse                        Hexes                        3
   c - Gell's Gravitas                Translocation                3
   d - Petrify                        Transmutation/Earth          4
   e - Metabolic Englaciation         Hexes/Ice                    5
   f - Yara's Violent Unravelling     Hexes/Transmutation          5
 U - Jeobilabb's Collected Works on Attacks
   (You found it on level 12 of the Dungeon)

   Spells                             Type                      Level
   a - Magic Dart                     Conjuration                  1
   b - Searing Ray                    Conjuration                  2
   c - Throw Icicle                   Conjuration/Ice              4
   d - Fulminant Prism                Conjuration/Hexes            4
   e - Bolt of Cold                   Conjuration/Ice              6
Miscellaneous
 h - a fan of gales
Comestibles
 f - 33 rations


   Skills:
 + Level 12.5 Fighting
 + Level 8.3 Long Blades
 + Level 9.1 Axes
 + Level 12.5 Armour
 + Level 11.1 Dodging
 + Level 11.5 Shields
 + Level 8.9 Invocations
 + Level 10.8 Evocations


You had 14 spell levels left.
You didn't know any spells.

Dungeon Overview and Level Annotations

Branches:
Dungeon (13/15)            Temple (1/1) D:4            Lair (6/6) D:9
 Shoals (0/4) Lair:4        Snake (0/4) Lair:2        Slime (0/5) Lair:5
    Orc (2/2) D:11            Elf (0/3) Orc:2        Vaults (0/5) D:13

Altars:
Ashenzari
Cheibriados
Dithmenos
Elyvilon
Fedhas
Gozag
Hepliaklqana
Kikubaaqudgha
Makhleb
Nemelex Xobeh
Okawaru
Qazlal
Ru
Sif Muna
Trog
Uskayaw
Vehumet
Wu Jian
Xom
Yredelemnul
Zin
The Shining One
Beogh
Jiyva

Shops:
D:8 =**%   Orc:2 [??:

Annotations:
D:9 exclusion: orange crystal statue
Lair:5 1 runed door


Innate Abilities, Weirdness & Mutations

Shadows flee at your approach. (+LOS)
You can swim through water.
You cover ground slowly.
You can hop long distances.
You are partially covered in iridescent scales. (AC +2)
Your magical capacity is low. (-10% MP)
You are highly resistant to hostile enchantments. (MR++)


Message History

You kill the eye of draining!
Cheibriados thoroughly appreciates the change of pace.
You hit the tengu reaver but do no damage.
The tengu reaver looks as sick as possible!
You block the tengu reaver's attack. x3
The ogre mage casts a spell at you. The bolt of fire hits you! x2
You are too injured to fight recklessly!
You are too injured to fight recklessly!
You are too injured to fight recklessly!
As you read the scroll of teleportation, it crumbles to dust.
You feel strangely unstable. You block the tengu reaver's attack.
The tengu reaver pecks you. You block the tengu reaver's attack.
The ogre mage gestures wildly while chanting.
The ogre mage blinks!
The kobold demonologist gestures wildly while chanting.
The tengu reaver points at you and mumbles some strange words.
The bolt of lightning hits you!
* * * LOW MAGIC WARNING * * *
You die...

........#
#.##...#
#.....#
#.......#
##..#8.8#
.##. #.##..#
##......#
...#55.#....
#.##..#
###...##
..#8.8#...
#.##..# #
#####
#.#K..#.#
#.##..# ###
.5§.5..#
#÷##...
..###
#*Q...#
#.###..
....##
#O....# #.#
#.. .....#
##@.(## #.#
##. .>...##
##'## #.# #.
......#
#...# #.# #.
......#
#...# #.# #.
......#
#8©8# #.#
##. ......##
#####
#.###..
.......#
#⌠_⌠#
#.....∩
.......#
#:::#
#.###..
.......#


+:[=+ #.# ##. You could see a tengu reaver, an ogre mage, a kobold demonologist,
a battlesphere, 2 crimson imps, a shadow imp and an ufetubus.

Vanquished Creatures
  Azrael (D:12)
  Erolcha (Orc:2)
  An ogre mage (Orc:2)
  8 vault guards (D:13)
  6 hydras
  2 catoblepae
  4 death yaks (Lair:6)
  4 two-headed ogres
  A deep troll shaman (Lair:6)
  An unseen horror (shapeshifter) (D:11)
  A lindwurm (Lair:6)
  An orc knight (Orc:2)
  9 orc sorcerers (Orc:2)
  A deep elf mage (D:13)
  An ugly thing (D:7)
  A cyclops (D:13)
  6 black mambas
  6 elephants (Lair:6)
  Psyche (D:10)
  A guardian serpent (Lair:2)
  8 spiny frogs
  A rime drake (Lair:5)
  2 centaur skeletons
  2 kobold demonologists
  An efreet (D:13)
  3 komodo dragons
  A queen bee (D:8)
  A polar bear (Lair:6)
  5 trolls
  6 slime creatures (D:12)
  7 hippogriffs
  17 blink frogs
  A basilisk (D:13)
  A wraith (D:12)
  2 wyverns
  54 yaks
  3 fire elementals (D:12)
  A hungry ghost (D:8)
  4 vampire mosquitoes (D:13)
  The ghost of Lejonmanen the Twirler, an amateur HuGl of Wu Jian (D:4)
  5 wargs
  9 water moccasins
  3 hell hounds (D:12)
  8 porcupines
  2 sky beasts
  22 orc warriors
  An eye of draining (D:13)
  An ice beast (D:7)
  4 black bears
  A necrophage (D:11)
  3 phantoms
  13 ogres
  17 wolves
  8 centaurs
  9 crocodiles
  4 big kobolds
  13 bullfrogs
  8 gnoll sergeants (Bailey)
  A wyvern skeleton (D:11)
  A water moccasin skeleton (D:6)
  2 scorpions
  21 killer bees
  A howler monkey (D:4)
  5 crimson imps
  A quasit (D:10)
  2 bullfrog zombies
  2 centaur zombies
  11 hounds
  17 orc priests
  2 bullfrog skeletons
  3 jellies
  50 orc wizards
  6 gnoll shamans (Bailey)
  Jessica (D:2)
  9 worker ants
  2 iguanas
  A killer bee zombie (D:8)
  A hound skeleton (D:6)
  A worker ant zombie (D:9)
  20 gnolls
  A howler monkey skeleton (D:8)
  11 adders
  4 shadow imps
  An adder zombie (D:7)
  2 adder skeletons
  2 worms
  4 dart slugs
  2 leopard geckos
  95 orcs
  3 ball pythons
  14 bats
  3 giant cockroaches
  7 goblins
  8 hobgoblins
  20 jackals
  26 kobolds
  4 quokkas
  9 frilled lizards
  A jackal zombie (D:5)
  A leopard gecko skeleton (D:4)
  A quokka zombie (D:6)
  5 rats
  A fungus (Lair:6)
694 creatures vanquished.

Vanquished Creatures (collateral kills)
  A necrophage (D:8)
  A killer bee (D:8)
2 creatures vanquished.

Vanquished Creatures (others)
  A sky beast (D:12)
  2 orc wizards (Orc:2)
  10 fungi
  12 plants (Lair:6)
25 creatures vanquished.

Grand Total: 721 creatures vanquished

Notes
Turn   | Place    | Note
-------+----------+-------------------------------------------
     0 | D:1      | Miyamura the Barachi Fighter began the quest for the Orb.
     0 | D:1      | Reached XP level 1. HP: 18/18 MP: 1/1
   156 | D:1      | Reached XP level 2. HP: 24/25 MP: 2/2
   421 | D:1      | Reached skill level 1 in Dodging
   528 | D:1      | Reached XP level 3. HP: 26/30 MP: 3/3
  1459 | D:2      | Reached XP level 4. HP: 37/37 MP: 4/4
  1492 | D:2      | Noticed a centaur
  1498 | D:2      | Noticed Jessica
  1506 | D:2      | Killed a centaur
  1506 | D:2      | Reached XP level 5. HP: 22/43 MP: 5/5
  1508 | D:2      | Killed Jessica
  2528 | D:3      | Reached XP level 6. HP: 44/50 MP: 6/6
  3034 | D:4      | Noticed a water moccasin
  3039 | D:3      | Gained mutation: Your magical capacity is low. (-10% MP) [potion of mutation]
  3039 | D:3      | Gained mutation: You are robust. (+10% HP) [potion of mutation]
  3039 | D:3      | Gained mutation: You have a pair of small horns on your head. [potion of mutation]
  3039 | D:3      | Gained mutation: You are partially covered in iridescent scales. (AC +2) [potion of mutation]
  3360 | D:4      | Reached skill level 5 in Fighting
  3381 | D:4      | Found a staircase to the Ecumenical Temple.
  3566 | Temple   | Entered the Ecumenical Temple
  3728 | D:4      | Reached skill level 5 in Armour
  3883 | D:4      | Reached skill level 1 in Evocations
  4193 | D:4      | Found a stormy altar of Qazlal.
  4193 | D:4      | Noticed Lejonmanen's ghost (amateur HuGl)
  4625 | D:4      | Killed Lejonmanen's ghost
  4625 | D:4      | Reached XP level 7. HP: 39/61 MP: 7/7
  4863 | D:5      | Entered Level 5 of the Dungeon
  4910 | D:5      | Found a radiant altar of Vehumet.
  4996 | D:5      | Found a snail-covered altar of Cheibriados.
  5009 | D:5      | Reached skill level 5 in Shields
  5257 | D:5      | Became a worshipper of Cheibriados the Contemplative
  5417 | D:5      | Found a white marble altar of Elyvilon.
  5438 | D:5      | Reached XP level 8. HP: 70/70 MP: 7/9
  6006 | D:6      | Reached skill level 1 in Invocations
  6586 | D:6      | Reached skill level 5 in Axes
  6676 | D:6      | Reached * piety under Cheibriados
  7083 | D:7      | Noticed a cyan ugly thing
  7454 | D:7      | Reached XP level 9. HP: 78/78 MP: 10/10
  7768 | D:7      | Killed a cyan ugly thing
  7768 | D:7      | Reached skill level 5 in Dodging
  8136 | D:7      | Found an iron altar of Okawaru.
  8352 | D:7      | Found a basalt altar of Yredelemnul.
  8490 | D:7      | Found a radiant altar of Vehumet.
  8587 | D:7      | Reached ** piety under Cheibriados
  8769 | D:8      | Found Ihauv's Food Emporium.
  8916 | D:8      | Found a sacrificial altar of Ru.
  9177 | D:8      | Reached skill level 5 in Evocations
  9185 | D:8      | Reached *** piety under Cheibriados
  9316 | D:8      | Reached XP level 10. HP: 77/86 MP: 12/12
  9801 | D:8      | Found Axem's Assorted Antiques.
  9813 | D:8      | Bought a potion of mutation for 240 gold pieces
  9813 | D:8      | Bought a scroll labeled MEACHA VEAKLIQ for 30 gold pieces
  9813 | D:8      | Bought a glowing sapphire potion for 27 gold pieces
  9814 | D:8      | Lost mutation: You are robust. (+10% HP) [potion of mutation]
  9814 | D:8      | Lost mutation: You have a pair of small horns on your head. [potion of mutation]
  9814 | D:8      | Gained mutation: You are resistant to hostile enchantments. (MR+) [potion of mutation]
  9814 | D:8      | Gained mutation: You are weak. (Str -2) [potion of mutation]
  9814 | D:8      | Gained mutation: You are highly resistant to hostile enchantments. (MR++) [potion of mutation]
  9814 | D:8      | Lost mutation: You are weak. (Str -2) [potion of mutation]
  9956 | D:8      | Reached **** piety under Cheibriados
 10261 | D:8      | Found Arpho Zam's Jewellery Shoppe.
 10262 | D:8      | Found a shadowy altar of Dithmenos.
 10379 | D:8      | Found Suoxieku's General Store.
 10391 | D:8      | Bought a potion of heal wounds for 75 gold pieces
 10537 | D:8      | Found a sparkling altar of Nemelex Xobeh.
 10547 | D:8      | Found a bloodstained altar of Trog.
 10549 | D:8      | Found a hazy altar of Hepliaklqana.
 10552 | D:8      | Found an ornate altar of the Wu Jian Council.
 10644 | D:8      | Got a faintly glowing robe
 10662 | D:8      | Identified the +0 robe "Koraggethi" {SInv} (You found it on level 8 of the Dungeon)
 10731 | D:9      | Noticed a two-headed ogre
 10738 | D:9      | Killed a two-headed ogre
 11043 | D:9      | Found a shimmering altar of Xom.
 11130 | D:9      | Noticed an orange crystal statue
 11458 | D:9      | Found a staircase to the Lair.
 11513 | D:9      | Reached XP level 11. HP: 84/87 MP: 14/14
 11684 | D:9      | Reached ***** piety under Cheibriados
 11715 | D:10     | Entered Level 10 of the Dungeon
 11732 | D:10     | Noticed a two-headed ogre
 11736 | D:10     | Killed a two-headed ogre
 11895 | D:10     | Noticed Psyche
 11902 | D:10     | Killed Psyche
 11997 | D:10     | You fall through a shaft for 3 floors!
 12003 | D:13     | Noticed a cyclops
 12011 | D:13     | Killed a cyclops
 12011 | D:13     | Reached skill level 5 in Invocations
 12133 | D:13     | Found an opulent altar of Gozag.
 12319 | D:13     | Found a gate to the Vaults.
 12319 | D:13     | Noticed a vault guard
 12319 | D:13     | Noticed a vault guard
 12319 | D:13     | Noticed a vault guard
 12319 | D:13     | Noticed a vault guard
 12319 | D:13     | Noticed a vault guard
 12320 | D:13     | Noticed a vault guard
 12320 | D:13     | Noticed a vault guard
 12320 | D:13     | Noticed a vault guard
 12325 | D:13     | Killed a vault guard
 12326 | D:13     | Killed a vault guard
 12326 | D:13     | Killed a vault guard
 12327 | D:13     | Killed a vault guard
 12327 | D:13     | Killed a vault guard
 12328 | D:13     | Killed a vault guard
 12329 | D:13     | Killed a vault guard
 12329 | D:13     | Reached XP level 12. HP: 70/97 MP: 14/15
 12339 | D:13     | Killed a vault guard
 12563 | D:13     | Found a transporter.
 12711 | D:12     | Noticed Azrael
 12799 | D:12     | Reached skill level 10 in Fighting
 12968 | D:12     | Reached skill level 1 in Long Blades
 12968 | D:12     | Reached skill level 10 in Armour
 13368 | D:11     | Noticed a two-headed ogre
 13384 | D:11     | Killed a two-headed ogre
 13589 | D:11     | Found a staircase to the Orcish Mines.
 14288 | D:11     | Identified a scroll of acquirement
 14446 | D:10     | Noticed a two-headed ogre
 14459 | D:10     | Killed a two-headed ogre
 14873 | D:10     | Reached ****** piety under Cheibriados
 14970 | Lair:1   | Entered Level 1 of the Lair of Beasts
 14973 | Lair:1   | Noticed a six-headed hydra
 14981 | Lair:1   | Killed a six-headed hydra
 15326 | Lair:1   | Gained mutation: You can hop long distances. [Barachi growth]
 15326 | Lair:1   | Reached XP level 13. HP: 104/104 MP: 17/17
 16192 | Lair:2   | Found a staircase to the Snake Pit.
 16217 | Lair:2   | Reached skill level 10 in Shields
 16280 | Lair:2   | Found a labyrinth entrance.
 17743 | Lair:3   | Reached skill level 5 in Long Blades
 18041 | Lair:4   | Found a staircase to the Shoals.
 19665 | Lair:5   | Found a runed door.
 19665 | Lair:5   | Found a viscous altar of Jiyva.
 19680 | Lair:5   | Found a staircase to the Slime Pits.
 20480 | Lair:6   | Entered Level 6 of the Lair of Beasts
 20490 | Lair:6   | Reached skill level 10 in Dodging
 20761 | Lair:6   | Reached XP level 14. HP: 100/113 MP: 16/19
 21689 | Lair:6   | Reached skill level 10 in Evocations
 22625 | Lair:6   | Got a garnet-encrusted scale mail
 22630 | Lair:6   | Identified the cursed +1 scale mail of the Catfish {rPois Int+2} (You found it on level 6 of the Lair of Beasts)
 23759 | Orc:1    | Entered Level 1 of the Orcish Mines
 23762 | Orc:1    | Found a burning altar of Makhleb.
 23978 | Orc:1    | Found a flagged portal.
 24003 | Bailey   | Entered a bailey
 25009 | Orc:2    | Entered Level 2 of the Orcish Mines
 25497 | Orc:2    | Found a staircase to the Elven Halls.
 25625 | Orc:2    | Found Tosihy's Magic Scroll Shoppe.
 25792 | Orc:2    | Found a radiant altar of Vehumet.
 25792 | Orc:2    | Noticed Erolcha
 25803 | Orc:2    | Killed Erolcha
 26057 | Orc:2    | Found an ancient bone altar of Kikubaaqudgha.
 26142 | Orc:2    | Found a roughly hewn altar of Beogh.
 26143 | Orc:2    | Found Gemolome's Antique Armour Emporium.
 26143 | Orc:2    | Found Fuugih's Book Shoppe.
 26530 | Orc:2    | Reached XP level 15. HP: 122/122 MP: 20/20
 26566 | Orc:2    | Found Voaliem's Magic Scroll Emporium.
 26579 | Orc:2    | Bought a scroll of teleportation for 54 gold pieces
 26579 | Orc:2    | Bought a scroll of teleportation for 54 gold pieces
 26579 | Orc:2    | Bought 2 scrolls of blinking for 270 gold pieces
 26579 | Orc:2    | Bought a scroll of enchant weapon for 135 gold pieces
 26597 | Orc:2    | Bought a helmet for 103 gold pieces
 27021 | D:12     | Killed Azrael
 27227 | D:12     | Identified Jeobilabb's Collected Works on Attacks
 27489 | D:13     | Found a deep blue altar of Sif Muna.
 27559 | D:13     | Got a smoking lapis lazuli ring
 27945 | D:13     | Noticed a tengu reaver
 27951 | D:13     | Killed from afar by a tengu reaver

Skill      XL: |  1  2  3  4  5  6  7  8  9 10 11 12 13 14 15 |
---------------+----------------------------------------------+-----
Dodging        | 1 2 3 4 5 6 8 9 10 11 | 11.1
Armour         | 4 5 6 7 8 9 10 11 12 | 12.5
Fighting       | 4 5 6 7 8 9 10 11 12 | 12.5
Axes           | 3 4 5 6 7 8 9 |  9.1
Shields        | 4 5 6 7 8 9 10 11 | 11.5
Evocations     | 1 2 3 5 6 7 8 9 10 | 10.8
Invocations    | 2 3 4 5 6 7 8 |  8.9
Long Blades    | 3 6 7 8 |  8.3

Action                   |  1- 3 |  4- 6 |  7- 9 | 10-12 | 13-15 || total
-------------------------+-------+-------+-------+-------+-------++-------
Melee: War axe           |   123 |   241 |   350 |   365 |   801 ||  1880
       Headbutt          |       |    12 |    70 |    15 |       ||    97
       Short sword       |       |       |     7 |    69 |       ||    76
       Scimitar          |       |       |       |    17 |    26 ||    43
       Broad axe         |       |       |       |       |    66 ||    66
Invok: Slouch            |       |       |       |     3 |     7 ||    10
       Temporal Distorti |       |       |       |       |     4 ||     4
Evoke: Wand              |       |       |     5 |    10 |    17 ||    32
  Use: Potion            |     2 |     4 |     5 |     4 |     1 ||    16
       Scroll            |       |     9 |     6 |     6 |    22 ||    43
  Eat: Chunk             |     2 |     7 |    14 |    11 |    13 ||    47
       Ration            |       |     1 |       |     1 |     4 ||     6
Armor: Scale mail        |    88 |   125 |    29 |       |       ||   242
       Chain mail        |       |       |   107 |   211 |    59 ||   377
       Skin              |       |       |    15 |       |       ||    15
       Plate armour      |       |       |       |       |   324 ||   324
Dodge: Dodged            |    63 |    78 |   124 |   303 |   593 ||  1161
Block: Shield            |    80 |   151 |   226 |   444 |   306 ||  1207
       Large shield      |       |       |       |       |   982 ||   982
       Rpst.: Scimitar   |       |       |       |     4 |     1 ||     5
